 Dungeon Crawl Stone Soup version 0.28.0 (webtiles) character file.

Game seed: 16730683494955277122

2 croobank the Sneak (level 1, -1/14 HPs)
             Began as a Minotaur Enchanter on Feb 18, 2022.
             Frozen to death by an endoplasm (4 damage)
             ... on level 1 of the Dungeon.
             The game lasted 00:00:39 (187 turns).

croobank the Sneak (Minotaur Enchanter)              Turns: 187, Time: 00:00:40

Health: -1/14      AC:  2    Str: 12    XL:     1   Next: 33%
Magic:  1/1        EV: 10    Int: 12    God:
Gold:   0          SH:  6    Dex: 10    Spells: 2/2 levels left

rFire   . . .      SeeInvis .   a - +1 dagger
rCold   . . .      Faith    .   e - +0 kite shield
rNeg    . . .      Spirit   .   b - +0 robe
rPois   .          Reflect  .   (helmet restricted)
rElec   .          Harm     .   (no cloak)
rCorr   .          Rampage  .   (no gloves)
Will    .....                   (no boots)
Stlth   ++........              (no amulet)
HPRegen 0.04/turn               (no ring)
MPRegen 0.07/turn               (no ring)

@: no status effects
A: horns 2, retaliatory headbutt
a: no special abilities


You were on level 1 of the Dungeon.
You visited 1 branch of the dungeon, and saw 1 of its levels.

Inventory:

Hand Weapons
 a - a +1 dagger (weapon)
 d - a +0 hunting sling
Armour
 b - a +0 robe (worn)
 e - a +0 kite shield (worn)
Potions
 c - a potion of invisibility
 f - a potion of attraction {unknown}


   Skills:
 + Level 1.2 Short Blades
 + Level 2.2 Dodging
 + Level 2.4 Stealth
 + Level 1.4 Spellcasting
 + Level 2.0 Hexes


You had 2 spell levels left.
You didn't know any spells.
Your spell library contained the following spells:

 Spells                   Type           Power      Damage    Failure   Level
 Ensorcelled Hibernation  Hex/Ice        6%         N/A       71%         2
 Confusing Touch          Hex            5%         N/A       80%         3
 Tukima's Dance           Hex            5%         N/A       80%         3
 Dazzling Flash           Conj/Hex       6%         N/A       91%         3


Dungeon Overview and Level Annotations

Branches:
Dungeon (1/15)

Altars:


Innate Abilities, Weirdness & Mutations

You have a pair of horns on your head.
You reflexively headbutt those who attack you in melee.


Message History

You see here a +0 hunting sling.
You see here a +0 kite shield.
Okay, then.
You start putting on your armour.
You continue putting on your +0 kite shield. x4
You finish putting on your +0 kite shield.
HP restored.
You see here a +0 hunting sling.
Things that are here:
a +0 dagger; 5 stones; a kobold corpse A frilled lizard comes into view.
Found a coppery potion.
The frilled lizard hisses angrily.
You hit the frilled lizard.
You kill the frilled lizard!
Found a stone staircase leading down.
Found 16 stones.
f - a coppery potion A goblin comes into view.
It is wielding a +0 dagger.
There is a stone staircase leading down here.
Found 20 stones.
An endoplasm comes into view.
The goblin hits you with a +0 dagger.
You hit the goblin.
The goblin is moderately wounded.
The goblin hits you with a +0 dagger. The endoplasm barely misses you.
You barely miss the goblin.
The goblin is moderately wounded.
The goblin misses you. The endoplasm barely misses you.
You block the goblin's attack.
You barely miss the goblin.
The goblin is moderately wounded.
The endoplasm freezes you.
You are frozen.
The goblin hits you with a +0 dagger.
* * * LOW HITPOINT WARNING * * *
You hit the goblin.
You kill the goblin!
The endoplasm freezes you.
You are frozen.
You die...

... ...#..^..#.......#
.. #.# #.#.....#########
#.# ...#......(.# #..
.... #.#.#.>...# ##.
###.# ...#.....#########
...... #.#.............#
#.###.##...###.........#
.......)J#..###.........
##.###@##..............
....(....##.###........#
........## .# #........#
.#.####.# .##.........#
# ..# .##.######### .##
#. . #. ..


You could see an endoplasm.

Vanquished Creatures
  A goblin (D:1)
  A kobold (D:1)
  A ball python (D:1)
  A frilled lizard (D:1)
4 creatures vanquished.

Notes
Turn   | Place    | Note
-------+----------+-------------------------------------------
     0 | D:1      | croobank the Minotaur Enchanter began the quest for the
                  | Orb.
     0 | D:1      | Reached XP level 1. HP: 14/14 MP: 1/1
   187 | D:1      | Frozen to death by an endoplasm

Illustrated notes

Levels and vault maps discovered:
D:1:      saegor_arrival_simple_e, layout_rooms, nicolae_ecumenical_lake_church,
          nicolae_concentric_dashed_squares_wild

Action                   || total
-------------------------++-------
Melee: Dagger            ||    12
       Headbutt          ||     1
Armor: Robe              ||     1
Dodge: Dodged            ||    11
Block: Kite shield       ||     1
